[Event "ICC tourney 2545 (75 10)"]
[Site "Internet Chess Club"]
[Date "2021.05.01"]
[Round "2"]
[White "SULTAN, BASHIR Cisse:muzikmixer"]
[Black "LIU, BO:Supersky"]
[Result "1-0"]
[ICCResult "Black resigns"]
[WhiteElo "1511"]
[BlackElo "1322"]
[Opening "English: Caro-Kann defensive system"]
[ECO "A11"]
[NIC "EO.64"]
[Time "14:31:21"]
[PlyCount "91"]
[TimeControl "4500+10"]

1. c4 c6 2. Nf3 d5 3. e3 Nf6 4. Nc3 Bg4 5. Qb3 Qc7 6. cxd5 Bxf3 7. gxf3
cxd5 8. Bb5+ Nbd7 9. Nxd5 Nxd5 10. Qxd5 e6 11. Qxd7+ Qxd7 12. Bxd7+ Kxd7
13. b3 Rc8 14. Bb2 Rc2 15. Bc3 Ba3 16. Kd1 Rxc3 17. dxc3 Bb2 18. Rb1 Bxc3
19. Rc1 Bb4 20. Ke2 Bd6 21. Rhd1 Ke7 22. b4 Bxh2 23. f4 Kf6 24. Rh1 Bxf4
25. exf4 b6 26. Rc7 Ra8 27. Rxh7 a5 28. b5 Rd8 29. Rc6 Rb8 30. Rh1 Rb7 31.
Kf3 Ke7 32. Rd1 g6 33. Rdd6 Rb8 34. Rxb6 Rc8 35. Rbc6 Rb8 36. a4 Rb7 37.
Ra6 Rc7 38. Rd3 Rc4 39. Rxa5 Rb4 40. Ra6 Kf6 41. Ra7 Kg7 42. Ra3 Kf6 43.
Rb7 Rb1 44. a5 Rh1 45. Ra4 Rh3+ 46. Kg2 { Black resigns } 1-0

[Event "ICC tourney 2545 (75 10)"]
[Site "Internet Chess Club"]
[Date "2021.05.01"]
[Round "2"]
[White "SKARIAH, ANUSHKA ELIZABETH:kskariah"]
[Black "CLOETE, JACK:kinpin007"]
[Result "1-0"]
[ICCResult "Black checkmated"]
[WhiteElo "1424"]
[BlackElo "1525"]
[Opening "Caro-Kann: exchange, Rubinstein variation"]
[ECO "B13"]
[NIC "CK.02"]
[Time "14:31:19"]
[PlyCount "73"]
[TimeControl "4500+10"]

1. e4 c6 2. d4 d5 3. exd5 cxd5 4. Bd3 Nf6 5. c3 Nc6 6. Bf4 Bg4 7. Qb3 Qc8
8. Nd2 e6 9. Ngf3 a6 10. O-O Be7 11. Rae1 O-O 12. Re3 Nh5 13. Be5 b5 14. h3
Bxf3 15. Nxf3 Nxe5 16. Nxe5 Nf4 17. Qc2 Nxd3 18. Qxd3 Bd6 19. f4 Qc7 20.
Ref3 b4 21. Qd2 Qa5 22. cxb4 Bxb4 23. Qe3 Qxa2 24. f5 exf5 25. Rxf5 f6 26.
Nd7 Rf7 27. Qe6 Qxb2 28. Nxf6+ gxf6 29. Rxf6 Qxd4+ 30. Kh1 Qxf6 31. Rxf6
Rf8 32. Qxd5 a5 33. Rf4 Kg7 34. Qg5+ Kh8 35. Qe5+ Kg8 36. Rg4+ Rg7 37.
Qxg7# { Black checkmated } 1-0

[Event "ICC tourney 2545 (75 10)"]
[Site "Internet Chess Club"]
[Date "2021.05.01"]
[Round "2"]
[White "GIRISH, NIYATHI:missqueen"]
[Black "Dungi, Santosh:santoshroopak"]
[Result "1/2-1/2"]
[ICCResult "Game drawn by mutual agreement"]
[WhiteElo "1408"]
[BlackElo "1559"]
[Opening "Giuoco Piano"]
[ECO "C53"]
[NIC "IG.02"]
[Time "14:31:30"]
[PlyCount "121"]
[TimeControl "4500+10"]

1. e4 e5 2. Nf3 Nc6 3. Bc4 Bc5 4. c3 Qf6 5. d3 Nge7 6. b4 Bb6 7. a4 a6 8.
O-O h6 9. Na3 d6 10. h3 O-O 11. Nc2 Qg6 12. Nh4 Qf6 13. Qh5 Be6 14. Ne3 Kh7
15. Nef5 g5 16. Nxe7 Nxe7 17. Bxe6 fxe6 18. Nf3 Kg7 19. Bd2 Ng6 20. Bc1 Nf4
21. Bxf4 Qxf4 22. Qg4 Qxg4 23. hxg4 Rf4 24. Nh2 Raf8 25. Ra2 a5 26. b5 d5
27. exd5 exd5 28. Re2 e4 29. dxe4 dxe4 30. g3 R4f6 31. Kg2 R8f7 32. f4
exf3+ 33. Nxf3 Rd7 34. Ne5 Re6 35. Nxd7 Rxe2+ 36. Kf3 Re3+ 37. Kg2 Rxc3 38.
Nxb6 cxb6 39. Rd1 Rc4 40. Rd7+ Kg8 41. Rxb7 Rxg4 42. Rxb6 Kg7 43. Ra6 Rxa4
44. b6 Rb4 45. Ra7+ Kg6 46. b7 g4 47. Ra6+ Kg7 48. Ra7 Kf6 49. Ra6+ Ke7 50.
Ra7 Kd8 51. Ra8+ Kc7 52. Rxa5 Rb2+ 53. Kf1 Kxb7 54. Rh5 Rb6 55. Rh4 Rg6 56.
Kf2 Rf6+ 57. Ke3 Rf3+ 58. Ke4 Rxg3 59. Kf4 Rh3 60. Kxg4 Ra3 61. Rxh6 { Game
drawn by mutual agreement } 1/2-1/2

[Event "ICC tourney 2545 (75 10)"]
[Site "Internet Chess Club"]
[Date "2021.05.01"]
[Round "2"]
[White "Ng, Sophia:sophiang2010"]
[Black "XIE, CHARLES:charlestxie"]
[Result "0-1"]
[ICCResult "White checkmated"]
[WhiteElo "1272"]
[BlackElo "1427"]
[Opening "French: Winawer (Nimzovich) variation"]
[ECO "C15"]
[NIC "FR.08"]
[Time "14:31:13"]
[PlyCount "114"]
[TimeControl "4500+10"]

1. e4 e6 2. d4 d5 3. Nc3 Bb4 4. Bd3 c5 5. Bd2 Nc6 6. dxc5 Bxc5 7. Nf3 Nf6
8. O-O O-O 9. Bg5 Be7 10. Re1 d4 11. Ne2 e5 12. c3 Bg4 13. Ng3 h6 14. Bd2
Qb6 15. Rb1 Rfd8 16. h3 Be6 17. Nf5 Bf8 18. cxd4 exd4 19. Bf4 Bxa2 20. Rc1
Ne7 21. Bc7 Qxb2 22. Bxd8 Rxd8 23. Rc2 Qa3 24. Nxe7+ Bxe7 25. Qe2 Be6 26.
e5 Nd5 27. Qe4 g6 28. Nxd4 Nc3 29. Qe3 Bc5 30. Nb5 Qb4 31. Qd2 Nxb5 32.
Qxb4 Bxb4 33. Rb1 Rxd3 34. Rxb4 a6 35. Rh4 h5 36. Rf4 Kf8 37. Kf1 Ke7 38.
Ke2 Rd5 39. Re4 Nd4+ 40. Rxd4 Rxd4 41. Rc7+ Rd7 42. Rc3 b5 43. Ra3 Bc4+ 44.
Ke1 Ra7 45. Kd2 a5 46. Kc2 b4 47. Ra4 Bb5 48. Ra2 a4 49. Kb2 Bc6 50. g3 Bd5
51. Ra1 a3+ 52. Kb1 b3 53. Kc1 b2+ 54. Kb1 bxa1=Q+ 55. Kxa1 Rb7 56. f4 a2
57. h4 Rb1# { White checkmated } 0-1

[Event "ICC tourney 2545 (75 10)"]
[Site "Internet Chess Club"]
[Date "2021.05.01"]
[Round "2"]
[White "GUAN , TSZ YEUNG:DanielGuan"]
[Black "KRYLOV, RATISLAV:RatislavK"]
[Result "1-0"]
[ICCResult "Black checkmated"]
[WhiteElo "1298"]
[BlackElo "1493"]
[Opening "Nimzo-Indian defense"]
[ECO "E20"]
[NIC "NI.30"]
[Time "14:31:14"]
[PlyCount "121"]
[TimeControl "4500+10"]

1. d4 Nf6 2. c4 e6 3. Nc3 Bb4 4. Bd2 b6 5. Nf3 Ba6 6. e3 d5 7. Qa4+ Nfd7 8.
Qxb4 c5 9. Qb3 Nc6 10. cxd5 Bxf1 11. Rxf1 exd5 12. Nxd5 O-O 13. Nc3 cxd4
14. exd4 Re8+ 15. Ne2 Nxd4 16. Nxd4 Nc5 17. Qc4 Rc8 18. Rc1 Qd7 19. Be3 a6
20. Rd1 Na4 21. Qb3 b5 22. Qa3 f5 23. g3 Qc7 24. Rc1 Qa5+ 25. b4 Rxc1+ 26.
Nxc1 Qb6 27. Nxf5 Qf6 28. Qb3+ Kh8 29. g4 Nb6 30. Ng3 Nc4 31. a4 Qd4 32.
Nge2 Qxg4 33. axb5 axb5 34. Rg1 Qh4 35. Qc3 Ne5 36. Bd4 Nf3+ 37. Qxf3 Qxd4
38. Qf8+ Rxf8 39. Nxd4 Rf4 40. Nce2 Rh4 41. Rg2 Rh5 42. Kd2 g6 43. Kc3 Kg7
44. Ng3 Rd5 45. Ne4 Kf7 46. Nc5 Kf6 47. Nxb5 Ke5 48. Rg5+ Kf4 49. Rxd5 Kf3
50. Nd3 h6 51. Rd6 g5 52. Rxh6 g4 53. Nd4+ Kg2 54. b5 g3 55. fxg3 Kf1 56.
b6 Kg2 57. b7 Kf1 58. b8=Q Kg2 59. Qf4 Kg1 60. Qf2+ Kh1 61. Qf1# { Black
checkmated } 1-0

[Event "ICC tourney 2545 (75 10)"]
[Site "Internet Chess Club"]
[Date "2021.05.01"]
[Round "2"]
[White "REYES, JOSE:Reyesjojo"]
[Black "ZHUGE, KATHERINE:FlowingMelody"]
[Result "1-0"]
[ICCResult "Black resigns"]
[WhiteElo "1523"]
[BlackElo "1465"]
[Opening "Queen's gambit declined"]
[ECO "D30"]
[NIC "QO.05"]
[Time "14:31:27"]
[PlyCount "65"]
[TimeControl "4500+10"]

1. d4 d5 2. c4 e6 3. cxd5 exd5 4. Nc3 Be7 5. Bf4 c6 6. e3 Nf6 7. Bd3 O-O 8.
Nge2 Re8 9. O-O Bd6 10. Bxd6 Qxd6 11. Ng3 Nbd7 12. Nf5 Qc7 13. b4 a6 14. a4
Nf8 15. Ng3 Ng6 16. Qd2 Nh4 17. a5 Bh3 18. Be2 Bxg2 19. f3 Bxf1 20. Rxf1
Qd7 21. Rf2 Qe7 22. Nd1 Qe6 23. Bd3 Nd7 24. e4 dxe4 25. fxe4 Nf6 26. Ne3
Rf8 27. e5 Ng4 28. Rf4 g5 29. Nxg4 gxf4 30. Qxf4 Ng6 31. Nf6+ Kg7 32. Ngh5+
Kh8 33. Qh6 { Black resigns } 1-0

[Event "ICC tourney 2545 (75 10)"]
[Site "Internet Chess Club"]
[Date "2021.05.01"]
[Round "2"]
[White "Chang, Linda:BairnOwl"]
[Black "GARCIA, CARLOS:cayo89"]
[Result "1/2-1/2"]
[ICCResult "Game drawn by repetition"]
[WhiteElo "1317"]
[BlackElo "1517"]
[Opening "Pirc defense"]
[ECO "B07"]
[NIC "PU.08"]
[Time "14:31:29"]
[PlyCount "125"]
[TimeControl "4500+10"]

1. e4 d6 2. d4 Nf6 3. Nc3 Nbd7 4. Be3 e5 5. Bc4 Be7 6. Nge2 c6 7. O-O b5 8.
Bd3 b4 9. Na4 Ng4 10. Bd2 a5 11. f4 h5 12. h3 Ngf6 13. b3 Ba6 14. Rc1 Qb8
15. Be3 h4 16. Qe1 Bb5 17. Nb2 c5 18. d5 Ba6 19. Bf2 exf4 20. Bxh4 Nxd5 21.
Bxe7 Nxe7 22. Nxf4 Ne5 23. Qg3 g6 24. Nd5 Nxd5 25. exd5 Qb7 26. Bc4 O-O-O
27. Rb1 Bb5 28. Qf4 Bd7 29. Qd2 Bf5 30. Qe2 Nxc4 31. Nxc4 Qc7 32. Rf2 Rde8
33. Qd2 Re7 34. Qf4 Kd7 35. Ne3 Rhe8 36. Nxf5 gxf5 37. Qxf5+ Kd8 38. Qf6
Kc8 39. Kf1 Qd7 40. Qf3 Re5 41. Qd3 f5 42. Qa6+ Kb8 43. Qb6+ Kc8 44. Rd1
Qc7 45. Qa6+ Kb8 46. Qb5+ Kc8 47. Rxf5 Rxf5+ 48. Kg1 Rfe5 49. Qa6+ Kb8 50.
Qb5+ Qb7 51. Qxa5 Re1+ 52. Rxe1 Rxe1+ 53. Kf2 Qe7 54. Qb6+ Kc8 55. Qc6+ Kd8
56. Qa8+ Kc7 57. Qa7+ Kd8 58. Qb8+ Kd7 59. Qb5+ Kd8 60. Qb8+ Kd7 61. Qb5+
Kd8 62. Qb8+ Kd7 63. Qb5+ { Game drawn by repetition } 1/2-1/2

[Event "ICC tourney 2545 (75 10)"]
[Site "Internet Chess Club"]
[Date "2021.05.01"]
[Round "3"]
[White "SHANKAR, ADITH:Queen4aKing"]
[Black "LIAO, CONNOR:che2468"]
[Result "0-1"]
[ICCResult "White resigns"]
[WhiteElo "1474"]
[BlackElo "1423"]
[Opening "Sicilian: Smith-Morra gambit"]
[ECO "B21"]
[NIC "SI.48"]
[Time "18:01:23"]
[PlyCount "20"]
[TimeControl "4500+10"]

1. e4 c5 2. d4 cxd4 3. Nf3 Nf6 4. e5 Nd5 5. Qxd4 e6 6. c4 Nb6 7. Be2 Nc6 8.
Qc3 Bb4 9. Qxb4 Nxb4 10. a3 Nc2+ { White resigns } 0-1

[Event "ICC tourney 2545 (75 10)"]
[Site "Internet Chess Club"]
[Date "2021.05.01"]
[Round "3"]
[White "ATLURI, PRATHIK:ChessStar22"]
[Black "Manley, Nicholas:NickManley1987"]
[Result "1-0"]
[ICCResult "Black resigns"]
[WhiteElo "1403"]
[BlackElo "1412"]
[Opening "QGD: 4.Nf3"]
[ECO "D37"]
[NIC "QO.16"]
[Time "18:01:40"]
[PlyCount "49"]
[TimeControl "4500+10"]

1. d4 d5 2. c4 e6 3. Nc3 Nf6 4. Nf3 Be7 5. cxd5 exd5 6. Bg5 O-O 7. e3 Nbd7
8. Bd3 b6 9. O-O Bb7 10. Qc2 c5 11. dxc5 bxc5 12. Rfd1 Qa5 13. Bf5 d4 14.
exd4 Bxf3 15. gxf3 cxd4 16. Rxd4 Ne5 17. Kg2 h6 18. Bxf6 Bxf6 19. Rd5 Qc7
20. Rad1 Rfc8 21. Bxc8 Rxc8 22. Qe2 Nc4 23. Ne4 Be5 24. Rc5 Qb7 25. Qxc4 {
Black resigns } 1-0

[Event "ICC tourney 2545 (75 10)"]
[Site "Internet Chess Club"]
[Date "2021.05.01"]
[Round "3"]
[White "WAKIDA, KEN:Yamato1945"]
[Black "WANG, YUANZHE:yogokings12"]
[Result "1-0"]
[ICCResult "Black resigns"]
[WhiteElo "1419"]
[BlackElo "1577"]
[Opening "Grünfeld: Russian, Szabo (Boleslavsky) variation"]
[ECO "D97"]
[NIC "GI.10"]
[Time "18:01:16"]
[PlyCount "77"]
[TimeControl "4500+10"]

1. d4 Nf6 2. c4 g6 3. Nc3 d5 4. Nf3 Bg7 5. Qb3 dxc4 6. Qxc4 O-O 7. e4 c6 8.
Be2 Nbd7 9. e5 Nb6 10. Qd3 Nfd5 11. O-O Nxc3 12. bxc3 Bf5 13. Qd1 c5 14.
Bb2 cxd4 15. cxd4 Nd5 16. Bc4 Bg4 17. h3 Bxf3 18. Qxf3 e6 19. Ba3 Ne7 20.
Qxb7 Re8 21. Qe4 a6 22. Bb3 Nf5 23. Ba4 Qxd4 24. Qxd4 Nxd4 25. Bxe8 Rxe8
26. Bd6 f6 27. f4 Ne2+ 28. Kh2 fxe5 29. fxe5 Nd4 30. Rab1 Nb5 31. Kh1 Rd8
32. a4 Nc3 33. Rb8 Rxb8 34. Bxb8 Nxa4 35. Ra1 Nc5 36. Bd6 Bf8 37. Rc1 Bxd6
38. exd6 Nd7 39. Rc7 { Black resigns } 1-0

[Event "ICC tourney 2545 (75 10)"]
[Site "Internet Chess Club"]
[Date "2021.05.01"]
[Round "3"]
[White "Dungi, Santosh:santoshroopak"]
[Black "REMPE, LENNIK:Kokosnuss1000"]
[Result "1-0"]
[ICCResult "Black checkmated"]
[WhiteElo "1559"]
[BlackElo "1081"]
[Opening "Vienna game"]
[ECO "C27"]
[NIC "VG.02"]
[Time "18:01:30"]
[PlyCount "59"]
[TimeControl "4500+10"]

1. e4 e5 2. Bc4 Nf6 3. Nc3 Nxe4 4. Bxf7+ Kxf7 5. Nxe4 Kg8 6. Nf3 d5 7. Nc3
Bg4 8. h3 Bh5 9. d3 Bb4 10. O-O Nc6 11. g4 Bg6 12. Ng5 Qf6 13. Nxd5 Qd8 14.
c4 Qd6 15. Be3 Nd4 16. a3 Bc5 17. b4 Bb6 18. f4 exf4 19. Rxf4 Rf8 20. Kg2
Ne6 21. Rxf8+ Nxf8 22. Bf4 Qd7 23. Qe2 Ne6 24. Qxe6+ Qxe6 25. Nxe6 Bxd3 26.
Nxb6 cxb6 27. Rd1 Be4+ 28. Kg3 Kf7 29. Ng5+ Kg6 30. Rd6# { Black checkmated
} 1-0

[Event "ICC tourney 2545 (75 10)"]
[Site "Internet Chess Club"]
[Date "2021.05.01"]
[Round "3"]
[White "Coombs, Zachary:Zacman1"]
[Black "SAXENA, VIHAAN:vihaan2011"]
[Result "1/2-1/2"]
[ICCResult "Game drawn by mutual agreement"]
[WhiteElo "1409"]
[BlackElo "1349"]
[Opening "Queen's pawn, Mason variation"]
[ECO "D00"]
[NIC "QP.08"]
[Time "18:01:14"]
[PlyCount "102"]
[TimeControl "4500+10"]

1. d4 d5 2. Bf4 Nf6 3. e3 e6 4. Bd3 Bd6 5. c3 Bxf4 6. exf4 Nc6 7. Nd2 O-O
8. h3 Qd6 9. Qf3 Re8 10. g4 Nd7 11. g5 g6 12. h4 Ncb8 13. h5 Qe7 14. hxg6
fxg6 15. O-O-O c5 16. Ne2 c4 17. Bc2 b5 18. Rh2 Nf8 19. Rdh1 Qg7 20. Qg3 a5
21. Nf3 Nc6 22. Ne5 Nxe5 23. fxe5 b4 24. Nf4 Kf7 25. Rxh7 Nxh7 26. Rxh7
Qxh7 27. Bxg6+ Qxg6 28. Nxg6 Kxg6 29. Qh4 Rg8 30. Qh6+ Kf7 31. Qf6+ Ke8 32.
g6 Ra7 33. f4 Rag7 34. f5 exf5 35. Qc6+ Bd7 36. Qa8+ Ke7 37. Qxa5 Rxg6 38.
Qxb4+ Ke8 39. Qb8+ Ke7 40. Qb4+ Kf7 41. b3 Rg1+ 42. Kb2 R1g2+ 43. Kb1 Rg1+
44. Kb2 R1g2+ 45. Kc1 Rg1+ 46. Kb2 R1g2+ 47. Kc1 Rg1+ 48. Kd2 R1g2+ 49. Ke3
R8g3+ 50. Kf4 Rg4+ 51. Kf3 R4g3+ { Game drawn by mutual agreement } 1/2-1/2

[Event "ICC tourney 2545 (75 10)"]
[Site "Internet Chess Club"]
[Date "2021.05.01"]
[Round "3"]
[White "ZHU, FLORINA:Florina12345"]
[Black "Li, Jingtu Oscar:ZYCON"]
[Result "1-0"]
[ICCResult "Black checkmated"]
[WhiteElo "1470"]
[BlackElo "1408"]
[Opening "Sicilian: accelerated fianchetto, modern variation with Bc4"]
[ECO "B35"]
[NIC "SI.33"]
[Time "18:01:26"]
[PlyCount "133"]
[TimeControl "4500+10"]

1. e4 c5 2. Nf3 Nc6 3. d4 cxd4 4. Nxd4 g6 5. Nc3 Bg7 6. Be3 Nf6 7. Bc4 O-O
8. Bb3 a6 9. f3 Qc7 10. Qd2 Ne5 11. O-O-O d6 12. g4 Bd7 13. h4 Rfc8 14. h5
Nc4 15. Bxc4 Qxc4 16. hxg6 fxg6 17. Bh6 b5 18. Kb1 Qf7 19. Rdg1 Bxh6 20.
Qxh6 Qg7 21. Qe3 Kf7 22. Nd5 Nxd5 23. exd5 Rh8 24. Re1 Rae8 25. g5 Qe5 26.
Qxe5 dxe5 27. Rxe5 e6 28. d6 Rc8 29. c3 Rc4 30. Kc2 Ra4 31. a3 Rc4 32. Nb3
Rc6 33. Rd1 Rd8 34. Nc5 Rb6 35. b4 Bc8 36. Ne4 Bb7 37. d7 Bxe4+ 38. Rxe4
Rb7 39. Rh4 Kg7 40. Rhd4 Kf7 41. Rd6 Ke7 42. Rxa6 Rdxd7 43. Re1 Rd6 44. Ra8
Kf7 45. Rc8 Rd5 46. Rc5 Rf5 47. Re3 Rxc5 48. bxc5 Rc7 49. Re5 Rc6 50. Kb3
Rc7 51. Kb4 Rb7 52. c6 Rc7 53. Kxb5 Ke7 54. Kb6 Kd6 55. Rxe6+ Kxe6 56. Kxc7
Kf5 57. Kd6 Kxg5 58. c7 h6 59. c8=Q h5 60. Qh3 h4 61. Qg4+ Kf6 62. Qxh4+
Kg7 63. Qg5 Kf7 64. Kd7 Kg7 65. Ke7 Kh7 66. Kf7 Kh8 67. Qh6# { Black
checkmated } 1-0

[Event "ICC tourney 2545 (75 10)"]
[Site "Internet Chess Club"]
[Date "2021.05.01"]
[Round "3"]
[White "XIE, CHARLES:charlestxie"]
[Black "Pulijala, Akshaj:akshajp"]
[Result "0-1"]
[ICCResult "White resigns"]
[WhiteElo "1427"]
[BlackElo "1487"]
[Opening "King's Indian: Makagonov system (5.h3)"]
[ECO "E71"]
[NIC "KI.20"]
[Time "18:01:11"]
[PlyCount "48"]
[TimeControl "4500+10"]

1. d4 Nf6 2. c4 g6 3. Nc3 Bg7 4. e4 d6 5. h3 O-O 6. Nf3 e5 7. d5 a5 8. Be3
b6 9. Bd3 Nbd7 10. O-O Nc5 11. a3 Nxd3 12. Qxd3 Nh5 13. b4 f5 14. Qc2 fxe4
15. Ng5 Nf4 16. Bxf4 exf4 17. Ngxe4 f3 18. Rfe1 axb4 19. axb4 Rxa1 20. Rxa1
Bf5 21. Re1 fxg2 22. Qd3 Re8 23. Nd1 Qh4 24. f3 Qxe1+ { White resigns } 0-1

[Event "ICC tourney 2545 (75 10)"]
[Site "Internet Chess Club"]
[Date "2021.05.01"]
[Round "3"]
[White "SKARIAH, ANUSHKA ELIZABETH:kskariah"]
[Black "REYES, JOSE:Reyesjojo"]
[Result "0-1"]
[ICCResult "White checkmated"]
[WhiteElo "1424"]
[BlackElo "1523"]
[Opening "Caro-Kann: exchange, Rubinstein variation"]
[ECO "B13"]
[NIC "CK.02"]
[Time "18:01:32"]
[PlyCount "138"]
[TimeControl "4500+10"]

1. e4 c6 2. d4 d5 3. exd5 cxd5 4. Bd3 Nf6 5. c3 Nc6 6. Bf4 Bg4 7. Qb3 Qd7
8. Nd2 e6 9. Ngf3 Bxf3 10. Nxf3 Bd6 11. Bxd6 Qxd6 12. O-O Rb8 13. Rae1 O-O
14. Qd1 b5 15. Re3 Ng4 16. Bxh7+ Kh8 17. Ree1 g6 18. Bxg6 fxg6 19. h3 Rxf3
20. hxg4 Rff8 21. f3 Kg7 22. Kf2 b4 23. Re2 bxc3 24. bxc3 Rbe8 25. Rfe1 Re7
26. Qd2 Na5 27. Qg5 Rh8 28. Qe5+ Qxe5 29. Rxe5 Kf7 30. Kg3 Rc8 31. R5e3 Nc4
32. R3e2 Na3 33. Re3 Rc6 34. Kf2 Nb5 35. Ke2 Nxc3+ 36. Kd2 Nxa2 37. Ra1 Nb4
38. Rc1 Rxc1 39. Kxc1 Rc7+ 40. Kd1 Rc4 41. Ra3 Rxd4+ 42. Ke2 a6 43. Ra4 Ke7
44. g3 e5 45. Ra3 Kd6 46. Rc3 Rc4 47. Rxc4 dxc4 48. Kd2 Kd5 49. Kc3 a5 50.
g5 Nd3 51. Kc2 Kd4 52. Kd2 a4 53. Kc2 a3 54. Kb1 Ke3 55. f4 exf4 56. gxf4
Kxf4 57. Ka2 Kxg5 58. Kxa3 Kf4 59. Ka2 Ke3 60. Kb1 Kd2 61. Ka1 g5 62. Ka2
g4 63. Ka1 g3 64. Kb1 g2 65. Ka1 c3 66. Ka2 c2 67. Ka3 c1=Q+ 68. Kb3 Qc3+
69. Ka2 Qb2# { White checkmated } 0-1

[Event "ICC tourney 2545 (75 10)"]
[Site "Internet Chess Club"]
[Date "2021.05.01"]
[Round "3"]
[White "SULTAN, BASHIR Cisse:muzikmixer"]
[Black "VIDENA, DANIEL TUAPEN:Davide25"]
[Result "1/2-1/2"]
[ICCResult "Game drawn by mutual agreement"]
[WhiteElo "1511"]
[BlackElo "1528"]
[Opening "English: four knights, 4.e3"]
[ECO "A28"]
[NIC "EO.06"]
[Time "18:01:28"]
[PlyCount "54"]
[TimeControl "4500+10"]

1. c4 e5 2. Nc3 Nf6 3. Nf3 Nc6 4. e3 d5 5. cxd5 Nxd5 6. Qc2 a6 7. a3 Be6 8.
b4 f6 9. Bb2 Be7 10. Rc1 O-O 11. Na4 Nb6 12. Nc5 Bxc5 13. bxc5 Nd5 14. d4
exd4 15. Nxd4 Nxd4 16. Bxd4 Bd7 17. Bc4 Be6 18. Qb3 Qd7 19. O-O c6 20. Rb1
Rfb8 21. e4 Nc7 22. Rfd1 Qf7 23. Bxe6 Nxe6 24. Be3 Rd8 25. f3 Rxd1+ 26.
Rxd1 Rd8 27. Rd6 Re8 { Game drawn by mutual agreement } 1/2-1/2

[Event "ICC tourney 2545 (75 10)"]
[Site "Internet Chess Club"]
[Date "2021.05.01"]
[Round "3"]
[White "GARCIA, CARLOS:cayo89"]
[Black "GUAN , TSZ YEUNG:DanielGuan"]
[Result "1-0"]
[ICCResult "Black resigns"]
[WhiteElo "1517"]
[BlackElo "1298"]
[Opening "Queen's pawn: London system"]
[ECO "A45"]
[NIC "QP.07"]
[Time "18:02:05"]
[PlyCount "109"]
[TimeControl "4500+10"]

1. d4 Nf6 2. Bf4 g6 3. Nc3 Bg7 4. e4 d6 5. Be2 O-O 6. h4 h5 7. Nf3 Nc6 8.
d5 Nb8 9. Qd2 Re8 10. O-O e5 11. Bg5 Nbd7 12. b4 Nf8 13. a4 N8h7 14. Bh6
Bh8 15. Ng5 Ng4 16. Bxg4 Bxg4 17. f3 Bd7 18. g3 Nf8 19. Kh2 Qc8 20. Qg2 f6
21. Nh3 Kh7 22. Bd2 a6 23. b5 a5 24. Rae1 Bxh3 25. Qxh3 Qxh3+ 26. Kxh3 Nd7
27. g4 Rg8 28. Rg1 Bg7 29. Rg2 Bh6 30. g5 fxg5 31. Bxg5 Bxg5 32. Rxg5 Raf8
33. Rg3 b6 34. Reg1 Nc5 35. Kg2 Rf6 36. Kf2 Rf4 37. Rh3 Rgf8 38. Ke3 Kh6
39. Ne2 R4f7 40. Rhg3 Rg8 41. f4 Nxa4 42. fxe5 dxe5 43. Rg5 Re7 44. Ng3 Kh7
45. Nxh5 Kh6 46. Nf6 Rgg7 47. Ng4+ Kh7 48. Nxe5 Nc3 49. Nxg6 Nxe4 50. Rh5+
Kg8 51. Nxe7+ Kf7 52. Rxg7+ Kxg7 53. Kxe4 a4 54. Nc6 a3 55. Nb4 { Black
resigns } 1-0

[Event "ICC tourney 2545 (75 10)"]
[Site "Internet Chess Club"]
[Date "2021.05.01"]
[Round "3"]
[White "STONE, GILBERT L:tightfist"]
[Black "DUVAL, GEORGE:Gduval"]
[Result "1-0"]
[ICCResult "Black resigns"]
[WhiteElo "1396"]
[BlackElo "1451"]
[Opening "Bogo-Indian defense"]
[ECO "E11"]
[NIC "QI.01"]
[Time "18:02:05"]
[PlyCount "103"]
[TimeControl "4500+10"]

1. Nf3 Nf6 2. c4 e6 3. d4 Bb4+ 4. Bd2 a5 5. Nc3 O-O 6. e3 d5 7. cxd5 exd5
8. Be2 Nc6 9. O-O Bf5 10. Rc1 Bxc3 11. bxc3 Ne4 12. Be1 Ne7 13. c4 c6 14.
Qb3 dxc4 15. Bxc4 Nd6 16. Bd3 Bxd3 17. Qxd3 Ng6 18. Bc3 Nb5 19. Bb2 Re8 20.
Rfd1 Qd5 21. Qc4 Qxc4 22. Rxc4 Nd6 23. Rc5 Ne4 24. Rc4 Rad8 25. a4 Ne5 26.
Nxe5 Rxe5 27. Rcc1 Red5 28. Kf1 c5 29. Ke2 cxd4 30. Rxd4 Rxd4 31. Bxd4 Kf8
32. Rc7 b5 33. f3 Nd6 34. axb5 Nxb5 35. Bc5+ Ke8 36. Re7+ Kf8 37. Rb7+ Ke8
38. Rxb5 Ra8 39. Rb7 a4 40. Ra7 Rc8 41. Ba3 Rc2+ 42. Kf1 Rc4 43. Re7+ Kd8
44. Re4 Rxe4 45. fxe4 Kd7 46. Ke2 Ke6 47. Bb2 g6 48. g4 h5 49. Kf3 f5 50.
exf5+ gxf5 51. gxh5 Kf7 52. Kf4 { Black resigns } 1-0

[Event "ICC tourney 2545 (75 10)"]
[Site "Internet Chess Club"]
[Date "2021.05.01"]
[Round "3"]
[White "LIU, BO:Supersky"]
[Black "Ng, Sophia:sophiang2010"]
[Result "1-0"]
[ICCResult "Black checkmated"]
[WhiteElo "1322"]
[BlackElo "1272"]
[Opening "King's Indian: East Indian defense"]
[ECO "A48"]
[NIC "QP.06"]
[Time "18:01:44"]
[PlyCount "123"]
[TimeControl "4500+10"]

1. d4 Nf6 2. Nf3 g6 3. e3 Bg7 4. Bd3 d5 5. b3 O-O 6. Bb2 b6 7. c4 e6 8.
cxd5 exd5 9. Nbd2 Bb7 10. O-O Nbd7 11. Ne5 Nxe5 12. dxe5 Ne4 13. f3 Nc5 14.
Bc2 Qe7 15. f4 Ne4 16. Nxe4 dxe4 17. Qb1 Qc5 18. Bd4 Qc6 19. a4 Rad8 20.
Rd1 a6 21. b4 b5 22. a5 Rfe8 23. Ra3 Ba8 24. Rc3 Qb7 25. Rc5 Re6 26. Bb3
Re7 27. Qc2 Red7 28. Qc3 Bf8 29. e6 Bxc5 30. exd7 Bxd4 31. Rxd4 Qc6 32.
Qxc6 Bxc6 33. Bd1 Rxd7 34. Bg4 Rxd4 35. exd4 Kf8 36. Bc8 Ke7 37. Kf2 Kd8
38. Bxa6 Kd7 39. Ke3 Kd6 40. Bc8 Ba8 41. a6 Kc6 42. Kxe4 f5+ 43. Ke5 Kb6
44. Kf6 Bxg2 45. Kg7 Bc6 46. Kxh7 Be8 47. h4 c6 48. Kg7 g5 49. hxg5 Ka7 50.
Kf6 Kb6 51. Kxf5 Ka7 52. g6 Bxg6+ 53. Kxg6 Kb6 54. f5 Ka7 55. f6 c5 56.
dxc5 Ka8 57. f7 Kb8 58. Bb7 Ka7 59. c6 Kb6 60. c7 Kxc7 61. f8=Q Kb6 62.
Qc5# { Black checkmated } 1-0

[Event "ICC tourney 2545 (75 10)"]
[Site "Internet Chess Club"]
[Date "2021.05.01"]
[Round "3"]
[White "Goldblatt, Steven:SGOLD9367"]
[Black "SPERBER, JACOB:jacobsperber"]
[Result "0-1"]
[ICCResult "White resigns"]
[WhiteElo "1341"]
[BlackElo "1445"]
[Opening "King's Indian, 3.Nf3"]
[ECO "E61"]
[NIC "KI.80"]
[Time "18:01:16"]
[PlyCount "80"]
[TimeControl "4500+10"]

1. d4 Nf6 2. c4 g6 3. Nf3 Bg7 4. Nc3 O-O 5. e3 d6 6. Qb3 c6 7. h3 Nbd7 8.
Be2 a6 9. O-O b5 10. Qa3 Rb8 11. Qb3 Nb6 12. Nd2 Be6 13. Qb4 Nxc4 14. Nxc4
bxc4 15. Qa4 a5 16. Qxc6 d5 17. Qa4 Rb4 18. Qd1 Qa8 19. Na4 Qc6 20. Nc5
Rfb8 21. a3 R4b6 22. Qd2 Rb5 23. Bd1 Qa8 24. Qe2 Bc8 25. Qe1 Nd7 26. Ba4
Nxc5 27. Bxb5 Nd3 28. Qd2 Rxb5 29. Qc2 Qb7 30. Ra2 e5 31. dxe5 Bxe5 32. a4
Rb6 33. Bd2 Nb4 34. Bxb4 Rxb4 35. f3 Rxb2 36. Rxb2 Qxb2 37. Qd1 Be6 38. Rf2
Qb3 39. Qxb3 cxb3 40. Kf1 b2 { White resigns } 0-1

[Event "ICC tourney 2545 (75 10)"]
[Site "Internet Chess Club"]
[Date "2021.05.01"]
[Round "3"]
[White "KRYLOV, RATISLAV:RatislavK"]
[Black "Chang, Linda:BairnOwl"]
[Result "0-1"]
[ICCResult "White checkmated"]
[WhiteElo "1493"]
[BlackElo "1317"]
[Opening "Scandinavian: Icelandic gambit"]
[ECO "B01"]
[NIC "SD.03"]
[Time "18:01:22"]
[PlyCount "72"]
[TimeControl "4500+10"]

1. e4 d5 2. exd5 Nf6 3. c4 e6 4. Nc3 exd5 5. cxd5 Nxd5 6. Qf3 Nf6 7. Bc4
Nc6 8. Nge2 Bg4 9. Qe3+ Be7 10. O-O O-O 11. h3 Bf5 12. g4 Bg6 13. Nf4 Nd4
14. Nxg6 hxg6 15. Qg3 c5 16. Qg2 Rb8 17. a4 a6 18. d3 b5 19. axb5 axb5 20.
g5 bxc4 21. gxf6 Bxf6 22. dxc4 Rb4 23. Qd5 Qc8 24. Kh2 Rd8 25. Qg2 Rxc4 26.
Nd5 Be5+ 27. f4 Rxd5 28. Qxd5 Rc2+ 29. Kg3 Ne2+ 30. Kf3 Qxh3+ 31. Ke4 Qf5+
32. Kf3 Nd4+ 33. Kg3 Bxf4+ 34. Bxf4 Qxd5 35. Rh1 Qg2+ 36. Kh4 Nf3# { White
checkmated } 0-1